 Dungeon Crawl Stone Soup version 0.30-b1-2-g02819fbbbe (webtiles) character file.

Game seed: 16634803736141360428

309412 Alarkh the Marksdemonspawn (level 20, -4/150 HPs)
             Began as a Demonspawn Hunter on July 7, 2023.
             Was a High Priest of Uskayaw.
             Killed from afar by an ironbound frostheart (33 damage)
             ... by creeping frost
             ... on level 3 of the Vaults.
             The game lasted 01:48:03 (40884 turns).

Alarkh the Marksdemonspawn (Demonspawn Hunter)     Turns: 40884, Time: 01:48:04

Health: -4/150     AC: 24    Str: 14    XL:     20   Next: 37%
Magic:  0/32       EV: 20    Int: 16    God:    Uskayaw [*****.]
Gold:   1232       SH: 12    Dex: 20    Spells: 32/35 levels left

rFire   . . .        a - +4 longbow (flame)
rCold   . . .        (shield currently unavailable)
rNeg    + . .        A - +3 scale mail {rPois}
rPois   +            e - +1 helmet
rElec   .            (cloak unavailable)
rCorr   .            u - +0 pair of gloves
SInv    .            i - +0 pair of boots
Will    +++..        h - brooch of Shielding {Spirit SH+8}
Stlth   ++++         I - ring "Uthral" {rN+ Will+ Dex+2}
HPRegen 1.25/turn    R - +5 ring of evasion
MPRegen 0.23/turn

%: guardian spirit
@: about to teleport, portalling projectiles
A: icemail 1, sharp scales 3, condensation shield, demonic willpower, weakness
stinger 3, mutation resistance 1, regeneration 1
}: 2/15 runes: serpentine, barnacled
a: Renounce Religion, Stomp, Line Pass, Grand Finale


You were on level 3 of the Vaults.
You worshipped Uskayaw.
Uskayaw was aware of your devotion.
You visited 7 branches of the dungeon, and saw 34 of its levels.
You visited the Abyss 1 time.
You also visited: Ice Cave.

You collected 3358 gold pieces.
You spent 2126 gold pieces at shops.

Inventory:

Hand Weapons
 a - a +4 longbow of flaming (weapon)
 W - a +2 demon trident of electrocution
Missiles
 w - a throwing net
Armour
 e - a +1 helmet (worn)
 i - a +0 pair of boots (worn)
 u - a +0 pair of gloves (worn)
 A - a +3 scale mail of poison resistance (worn)
 L - a +3 scale mail of cold resistance
Magical Staves
 b - a staff of earth
 y - a staff of air
Jewellery
 c - a ring of resist corrosion
 h - the brooch of Shielding (around neck) {Spirit SH+8}
   (You found it on level 1 of the Vaults)

   [amulet of guardian spirit]

   It causes incoming damage to be divided between your reserves of health and
   magic.
   SH:        It affects your SH (+8).
 l - a ring of flight
 E - a ring of magical power
 G - an amulet of regeneration
 I - the ring "Uthral" (left hand) {rN+ Will+ Dex+2}
   (You found it on level 3 of the Snake Pit)

   [ring of willpower]

   Dex:       It affects your dexterity (+2).
   rN:        It protects you from negative energy.
   Will:      It increases your willpower.
 R - a +5 ring of evasion (right hand)
 T - a ring of ice
Wands
 o - a wand of paralysis (26)
 q - a wand of polymorph (8)
 v - a wand of flame (29)
 D - a wand of digging (7)
 F - a wand of mindburst (26)
 K - a wand of iceblast (14)
 M - a wand of quicksilver (17)
Scrolls
 f - 9 scrolls of teleportation
 g - 5 scrolls of fog
 m - a scroll of enchant weapon
 n - 11 scrolls of identify
 r - 2 scrolls of magic mapping
 x - 5 scrolls of vulnerability
 B - 3 scrolls of blinking
 C - a scroll of summoning
 J - a scroll of amnesia
 O - 4 scrolls of enchant armour
 Y - a scroll of fear
Potions
 d - 11 potions of curing
 j - 4 potions of brilliance
 k - 3 potions of flight
 p - 3 potions of might
 s - a potion of invisibility
 t - 4 potions of heal wounds
 z - 9 potions of ambrosia
 H - 2 potions of berserk rage
 N - 4 potions of cancellation
 P - 4 potions of magic
 V - 4 potions of haste


   Skills:
 + Level 11.1 Fighting
 + Level 8.0 Staves
 - Level 18.0 Ranged Weapons
 + Level 10.1 Armour
 + Level 10.2 Dodging
 + Level 10.9 Stealth
 + Level 8.4 Spellcasting
 + Level 8.4 Hexes
 + Level 8.4 Translocations
 + Level 11.4 Invocations
 * Level 13.9 Evocations


You had 32 spell levels left.
You knew the following spells:

 Your Spells              Type           Power      Damage    Failure   Level
a - Portal Projectile     Hex/Tloc       66%        N/A       3%          3

Your spell library contained the following spells:

 Spells                   Type           Power      Damage    Failure   Level
 Lesser Beckoning         Tloc           66%        N/A       1%          2
 Gell's Gravitas          Tloc           33%        N/A       3%          3
 Teleport Other           Tloc           33%        N/A       3%          3
 Tukima's Dance           Hex            33%        N/A       3%          3
 Ensorcelled Hibernation  Hex/Ice        40%        N/A       10%         2
 Momentum Strike          Conj/Tloc      40%        3d9       10%         2
 Cause Fear               Hex            16%        N/A       11%         4
 Passage of Golubria      Tloc           33%        N/A       11%         4
 Beastly Appendage        Tmut           12%        N/A       34%         1
 Freeze                   Ice            24%        1d4       34%         1
 Passwall                 Tmut/Erth      5%         N/A       45%         2
 Static Discharge         Conj/Air       12%        2-3/arc   45%         2
 Wereblood                Tmut           6%         N/A       45%         2
 Anguish                  Hex/Necr       10%        N/A       52%         4
 Iskenderun's Mystic Bla  Conj/Tloc      20%        2d6       52%         4
 Frozen Ramparts          Ice            12%        1d2       71%         3
 Hailstorm                Conj/Ice       6%         3d4       71%         3
 Ozocubu's Armour         Ice            6%         N/A       71%         3
 Spider Form              Tmut/Pois      6%         N/A       71%         3
 Stone Arrow              Conj/Erth      12%        3d7       71%         3
 Swiftness                Air            6%         N/A       71%         3
 Metabolic Englaciation   Hex/Ice        10%        N/A       86%         5
 Summon Forest            Summ/Tloc      10%        N/A       86%         5
 Summon Mana Viper        Hex/Summ       20%        N/A       86%         5
 Dispersal                Tloc           16%        N/A       86%         6
 Airstrike                Air            3%         2d(1-17)  98%         4
 Dispel Undead            Necr           6%         3d8       98%         4
 Petrify                  Tmut/Erth      6%         N/A       98%         4
 Summon Ice Beast         Ice/Summ       6%         N/A       98%         4
 Summon Lightning Spire   Summ/Air       6%         N/A       98%         4
 Agony                    Necr           6%         N/A       100%        5
 Alistair's Intoxication  Tmut/Pois      4%         N/A       100%        5
 Blade Hands              Tmut           3%         N/A       100%        5
 Borgnjor's Vile Clutch   Necr/Erth      3%         N/A       100%        5
 Freezing Cloud           Conj/Ice/Air   3%         6-21      100%        5
 Eringya's Noxious Bog    Tmut/Pois      3%         N/A       100%        6
 Simulacrum               Ice/Necr       3%         N/A       100%        6
 Statue Form              Tmut/Erth      4%         N/A       100%        6
 Summon Cactus Giant      Summ           3%         N/A       100%        6
 Enfeeble                 Hex            16%        N/A       100%        7
 Monstrous Menagerie      Summ           3%         N/A       100%        7
 Ozocubu's Refrigeration  Ice            3%         4d8       100%        7
 Summon Hydra             Summ           3%         N/A       100%        7
 Death's Door             Necr           3%         N/A       100%        9


Dungeon Overview and Level Annotations

Branches:
Dungeon (15/15)            Temple (1/1) D:5            Lair (5/5) D:8
 Shoals (4/4) Lair:2        Snake (4/4) Lair:2        Slime (0/5) Lair:5
    Orc (2/2) D:9             Elf (0/3) Orc:2        Vaults (3/5) D:13
 Depths (0/4) D:15          IceCv (visited)
  Crypt: Vaults:2-3

Altars:
Ashenzari
Cheibriados
Dithmenos
Fedhas
Gozag
Hepliaklqana
Kikubaaqudgha
Makhleb
Nemelex Xobeh
Okawaru
Qazlal
Ru
Sif Muna
Trog
Uskayaw
Vehumet
Wu Jian
Xom
Yredelemnul
Jiyva

Shops:
D:5 ?   D:7 =   D:10 (   Orc:1 :   Orc:2 **=!*   Shoals:3 [   Snake:1 (*[
Snake:4 =::

Annotations:
Orc:2 1 runed translucent door, BerneyBell's ghost, novice TrFi
Vaults:1 3 runed translucent doors, HumbleHazard's ghost, adept HOFi


Innate Abilities, Weirdness & Mutations

A meltable icy envelope protects you from harm. (AC +4)
You are completely covered in razor-sharp scales. (AC +3, Slay +3)
A meltable shield of frost defends you. (SH +4)
You punish those that try to bend your will. (Will+)
You have a sharp stinger which inflicts weakening toxins.
You are somewhat resistant to further mutation.
Your natural rate of healing is unusually fast.


Message History

* * * LOW HITPOINT WARNING * * *
As you read the scroll of fear, it crumbles to dust.
You assume a fearsome visage.
The ironbound convoker looks frightened!
The ironbound thunderhulk looks frightened!
The wizard looks frightened!
The ironbound frostheart looks frightened!
The deep troll looks frightened!
The vault warden resists with some effort.
The yaktaur looks frightened!
You block the vault warden's attack.
The ironbound thunderhulk cries, "Mercy!"
Strange energies crackle from the ironbound thunderhulk's apparatus.
The ironbound thunderhulk blinks!
The wizard casts a spell.
The wizard flickers and vanishes!
Deactivating autopickup; reactivate with Ctrl-A.
Cornered, the ironbound frostheart turns to fight!
Cornered, the deep troll turns to fight!
Cornered, the yaktaur turns to fight!
As you read the scroll of teleportation, it crumbles to dust.
You feel strangely unstable.
The ironbound thunderhulk seems to regain its courage.
The vault warden completely misses you.
You feel much better.
The vault warden hits you with a +4 war axe of freezing!!
* * * LOW HITPOINT WARNING * * *
The vault warden freezes you.
* * * LOW HITPOINT WARNING * * *
You feel much better.
The vault warden hits you with a +4 war axe of freezing!
* * * LOW HITPOINT WARNING * * *
The vault warden freezes you.
* * * LOW HITPOINT WARNING * * *
You block the deep troll's attack. x2; The deep troll barely misses you.
Strange energies crackle from the ironbound thunderhulk's apparatus.
The ironbound thunderhulk blinks!
The vault warden activates a sealing rune.
The ironbound frostheart calls freezing cold from the walls.
The frost grips you!!
You die...

####
##'###
##.#
##..#
##...#
##....#
##..<..#
#...O..#
#.....##
#..@.##
#...##
#Tp##
#p## #c#
.§# #..#
.### §.


You could see a vault warden (strong), an ironbound thunderhulk, an ironbound
frostheart, a deep troll (strong) and a yaktaur.

Vanquished Creatures
  Vashnia (Snake:4)
  An Ice Fiend (IceCv)
  Jorgrun (Orc:2)
  2 quicksilver dragons (Snake:4)
  Gastronok (D:9)
  Polyphemus (Shoals:2)
  Kirke (Shoals:3)
  5 krakens
  Roxanne (D:14)
  6 nagarajas
  Ilsuiw (Shoals:2)
  Louise (Snake:2)
  4 vault wardens
  5 very ugly things
  5 ironbound preservers
  2 orc warlords
  3 ironbound thunderhulks (Vaults:2)
  The ghost of Odimp the Protected, a journeyman KoWn of Wu Jian (Lair:4)
  9 dire elephants (Vaults:2)
  A deep elf death mage (Vaults:2)
  An ettin (Vaults:2)
  Josephine (Orc:1)
  8 merfolk impalers
  3 merfolk javelineers
  2 yaktaur captains (Vaults:2)
  3 fire dragons
  5 great orbs of eyes
  3 catoblepae
  6 hydras
  2 ice dragons
  4 ogre magi
  6 salamander tyrants
  18 two-headed ogres
  2 ironbound frosthearts
  5 merfolk aquamancers
  11 centaur warriors
  3 alligator snapping turtles
  2 merfolk avatars
  4 death yaks
  5 anacondas
  5 boulder beetles
  A satyr (Shoals:4)
  A tengu warrior (D:13)
  7 naga warriors
  12 naga sharpshooters
  Urug (Orc:1)
  5 shock serpents
  Amaemon (D:9)
  A sixfirhy (Abyss:3)
  A salamander mystic (Snake:3)
  An iron troll (D:13)
  21 deep trolls
  3 skeletal warriors (D:13)
  5 skysharks
  9 sea snakes
  A bog body (IceCv)
  4 naga ritualists
  34 harpies
  2 obsidian statues (IceCv)
  2 wizards
  2 phantasmal warriors
  A necromancer (Vaults:1)
  9 orc knights
  4 ironbound convokers
  11 lindwurms
  A spriggan simulacrum (IceCv)
  3 deep elf pyromancers
  4 oklob plants (Lair:4)
  2 orc sorcerers
  7 mana vipers
  13 ugly things
  2 fauns (Shoals:1)
  6 cyclopes
  10 salamanders
  17 manticores
  12 merfolk sirens
  12 elephants
  20 slime creatures
  3 molten gargoyles (Lair:5)
  11 water nymphs
  3 guardian serpents
  7 naga magi
  31 black mambas
  6 vault sentinels
  15 cane toads
  An orange demon (D:9)
  2 gargoyles
  2 torpor snails
  6 komodo dragons
  3 unseen horrors (D:12)
  A kobold demonologist (D:11)
  6 rime drakes (Lair:4)
  5 freezing wraiths (IceCv)
  2 tengu conjurers (D:15)
  13 yaktaurs
  A golden dragon simulacrum (IceCv)
  An efreet (D:12)
  An ice devil (IceCv)
  2 queen bees
  32 merfolk
  A meliai (shapeshifter) (D:13)
  11 trolls
  2 hornets
  6 meliai
  8 wind drakes
  3 polar bears
  A large abomination (Abyss:3)
  A dream sheep (Lair:1)
  13 blink frogs
  4 snapping turtles (Shoals:4)
  9 wyverns
  A vampire (D:10)
  2 spriggans
  7 wraiths
  A yak (shapeshifter) (D:15)
  57 yaks
  An air elemental (Abyss:3)
  13 water elementals
  2 steam dragons (Lair:5)
  7 hogs (Shoals:3)
  10 basilisks
  15 nagas
  5 wargs
  Edmund (D:6)
  2 small abominations (Abyss:3)
  6 hydra simulacra
  An acid dragon (D:11)
  15 water moccasins
  4 hell hounds (Lair:5)
  29 orc warriors
  An ice beast (D:4)
  A black bear (D:5)
  An alligator simulacrum (IceCv)
  A black mamba simulacrum (Lair:4)
  4 ettin simulacra (IceCv)
  25 ogres
  45 wolves
  4 boggarts (D:15)
  16 centaurs
  2 kobold brigands
  6 phantoms
  Blork the orc (D:6)
  14 bullfrogs
  6 scorpions
  3 deep troll simulacra (IceCv)
  A gnoll sergeant (D:7)
  7 wights
  A hornet simulacrum (D:15)
  A blink frog simulacrum (Lair:4)
  69 killer bees
  2 dream sheep simulacra (Lair:4)
  9 howler monkeys
  2 electric eels
  5 lava snakes
  A gnoll bouda (Lair:1)
  3 hounds
  A jelly (D:6)
  13 orc priests
  Crazy Yiuf (D:4)
  3 sleepcaps
  2 iguanas
  Ijyb (D:3)
  24 orc wizards
  Natasha (thrice) (D:4)
  3 hell rats (Lair:4)
  Robin (D:4)
  5 gnolls (D:7)
  5 adders
  A river rat (Lair:4)
  A white imp (Abyss:3)
  An ufetubus (D:5)
  A worm (D:2)
  2 dart slugs
  76 orcs
  3 bats
  9 endoplasms
  2 giant cockroaches
  14 goblins
  6 hobgoblins
  6 jackals
  19 kobolds
  4 quokkas
  10 ball pythons
  6 frilled lizards
  8 rats
  11 tentacles
1264 creatures vanquished.

Vanquished Creatures (others)
  A wizard (D:14)
  2 orc wizards
  6 fungi
  32 plants
  55 tentacles
96 creatures vanquished.

Grand Total: 1360 creatures vanquished

Notes
Turn   | Place    | Note
-------+----------+-------------------------------------------
     0 | D:1      | Alarkh the Demonspawn Hunter began the quest for the Orb.
     0 | D:1      | Reached XP level 1. HP: 16/16 MP: 1/1
    51 | D:1      | Reached skill level 4 in Ranged Weapons
    53 | D:1      | Gained mutation: You are partially covered in razor-sharp
                  | scales. (AC +1, Slay +1) [demonic ancestry]
    53 | D:1      | Reached XP level 2. HP: 22/22 MP: 2/2
   502 | D:2      | Reached XP level 3. HP: 27/27 MP: 3/3
   867 | D:2      | Reached skill level 5 in Ranged Weapons
  1363 | D:3      | Reached XP level 4. HP: 33/33 MP: 4/4
  1443 | D:3      | Found a faded altar of an unknown god.
  1604 | D:3      | Noticed Ijyb
  2195 | D:3      | Found a shimmering blue altar of Sif Muna.
  2195 | D:3      | Found a sparkling altar of Nemelex Xobeh.
  2215 | D:4      | Noticed a scorpion
  2262 | D:3      | Killed a scorpion
  2263 | D:3      | Reached XP level 5. HP: 26/38 MP: 5/5
  2382 | D:4      | Found a runed translucent door.
  2383 | D:4      | Noticed Crazy Yiuf
  2463 | D:4      | Reached skill level 6 in Ranged Weapons
  2613 | D:4      | Noticed Robin
  2624 | D:4      | Killed Robin
  2825 | D:4      | Noticed an ice beast
  2850 | D:4      | Killed an ice beast
  2851 | D:4      | Gained mutation: You have a small tail. [demonic ancestry]
  2851 | D:4      | Reached XP level 6. HP: 35/44 MP: 6/6
  2921 | D:4      | Reached skill level 7 in Ranged Weapons
  3096 | D:4      | Noticed Natasha
  3105 | D:4      | Killed Natasha
  3194 | D:4      | Found a burning altar of Makhleb.
  3338 | D:4      | Learned a level 3 spell: Portal Projectile
  3366 | D:5      | Entered Level 5 of the Dungeon
  3411 | D:5      | Reached XP level 7. HP: 44/50 MP: 7/7
  3575 | D:5      | Reached skill level 8 in Ranged Weapons
  3686 | D:4      | Noticed Natasha
  3813 | D:4      | Killed Natasha
  3818 | D:4      | Noticed Natasha
  3823 | D:4      | Killed Natasha
  4070 | D:5      | Found Oddympeli's Magic Scroll Shoppe.
  4076 | D:5      | Bought a scroll of enchant weapon for 82 gold pieces
  4295 | D:5      | Reached skill level 9 in Ranged Weapons
  4299 | D:5      | Gained mutation: You are somewhat resistant to further
                  | mutation. [potion of mutation]
  4299 | D:5      | Gained mutation: Your natural rate of healing is unusually
                  | fast. [potion of mutation]
  4354 | D:5      | Found a staircase to the Ecumenical Temple.
  4407 | D:5      | Found a blossoming altar of Fedhas.
  4540 | D:5      | Reached XP level 8. HP: 48/56 MP: 8/8
  4548 | D:5      | Found an ornate altar of the Wu Jian Council.
  4672 | Temple   | Entered the Ecumenical Temple
  4933 | D:6      | Noticed Blork the orc
  5209 | D:3      | Killed Ijyb
  5724 | D:6      | Found an ancient bone altar of Kikubaaqudgha.
  5798 | D:6      | Killed Blork the orc
  5799 | D:6      | Reached skill level 10 in Ranged Weapons
  5833 | D:5      | Bought a scroll of teleportation for 33 gold pieces
  6125 | D:6      | Noticed Edmund
  6307 | D:6      | Killed Edmund
  6308 | D:6      | Reached skill level 11 in Ranged Weapons
  6331 | D:6      | Found a broken altar of Ashenzari.
  6490 | D:6      | Reached XP level 9. HP: 45/61 MP: 9/9
  6560 | D:7      | Noticed a two-headed ogre
  6574 | D:7      | Killed a two-headed ogre
  6575 | D:7      | Reached skill level 12 in Ranged Weapons
  6812 | D:7      | Reached skill level 13 in Ranged Weapons
  6895 | D:7      | Found Eczion's Jewellery Emporium.
  7298 | D:8      | Noticed a manticore
  7471 | D:8      | Reached skill level 1 in Stealth
  7571 | D:8      | Found a staircase to the Lair.
  7571 | D:8      | Noticed a two-headed ogre
  7615 | D:9      | Paralysed by a hornet for 3 turns
  7627 | D:9      | Gained mutation: A meltable shield of frost defends you.
                  | (SH +4) [demonic ancestry]
  7627 | D:9      | Reached XP level 10. HP: 22/67 MP: 10/10
  7692 | D:8      | Reached skill level 1 in Evocations
  7727 | D:8      | Reached skill level 1 in Armour
  7839 | D:8      | Killed a two-headed ogre
  8610 | D:9      | Reached skill level 14 in Ranged Weapons
  8738 | D:8      | Gained mutation: You are mostly covered in razor-sharp
                  | scales. (AC +2, Slay +2) [demonic ancestry]
  8738 | D:8      | Reached XP level 11. HP: 31/77 MP: 11/11
  8812 | D:9      | Found a staircase to the Orcish Mines.
  8988 | D:9      | Found a shimmering altar of Xom.
  9163 | D:9      | Noticed a two-headed ogre
  9183 | D:9      | Killed a two-headed ogre
  9197 | D:9      | Found an opulent altar of Gozag.
  9383 | D:9      | Noticed Amaemon
  9418 | D:9      | Killed Amaemon
  9601 | D:10     | Entered Level 10 of the Dungeon
  9805 | D:10     | Found Caudij's Hydra Hut.
  9806 | D:10     | Noticed a five-headed hydra
  9810 | D:10     | Bought a +1 longbow of freezing for 243 gold pieces
  9814 | D:10     | Found a radiant altar of Vehumet.
  9970 | D:10     | Found a hide-covered altar of Uskayaw.
  9970 | D:10     | Found a hazy altar of Hepliaklqana.
  9978 | D:10     | Became a worshipper of Uskayaw the Reveller
 10002 | D:10     | Reached * piety under Uskayaw
 10029 | D:10     | Reached ** piety under Uskayaw
 10268 | D:10     | Found a sacrificial altar of Ru.
 10390 | D:11     | Reached skill level 5 in Fighting
 10419 | D:11     | Reached *** piety under Uskayaw
 10422 | D:11     | Reached **** piety under Uskayaw
 10426 | D:11     | Reached ***** piety under Uskayaw
 10432 | D:11     | Reached ****** piety under Uskayaw
 10751 | D:11     | Reached skill level 5 in Stealth
 10954 | D:12     | Reached skill level 5 in Dodging
 10954 | D:12     | Reached skill level 5 in Evocations
 10982 | D:12     | Noticed a deep elf pyromancer
 11052 | D:12     | Reached XP level 12. HP: 86/86 MP: 10/12
 11121 | D:12     | Noticed a two-headed ogre
 11133 | D:12     | Killed a two-headed ogre
 11194 | D:12     | Noticed a boulder beetle
 11373 | D:12     | Reached skill level 15 in Ranged Weapons
 11481 | D:12     | Reached skill level 5 in Armour
 12076 | Lair:1   | Entered Level 1 of the Lair of Beasts
 12180 | Lair:1   | Noticed a catoblepas
 12194 | Lair:1   | Killed a catoblepas
 12944 | Lair:2   | Reached skill level 1 in Invocations
 13030 | Lair:2   | Found a staircase to the Shoals.
 13071 | Lair:2   | Gained mutation: A meltable icy envelope protects you from
                  | harm. (AC +4) [demonic ancestry]
 13071 | Lair:2   | Reached XP level 13. HP: 95/95 MP: 14/14
 13075 | Lair:2   | Found a staircase to the Snake Pit.
 13221 | Lair:2   | Reached skill level 1 in Staves
 14258 | Lair:3   | Reached skill level 16 in Ranged Weapons
 14922 | Lair:4   | Gained mutation: You have a tail ending in a sharp stinger.
                  | [demonic ancestry]
 14922 | Lair:4   | Reached XP level 14. HP: 104/104 MP: 9/17
 15063 | Lair:4   | Found a runed translucent gate.
 15063 | Lair:4   | Found a runed translucent gate.
 15063 | Lair:4   | Found a runed translucent gate.
 15113 | Lair:4   | Reached skill level 5 in Invocations
 15475 | Lair:4   | Noticed Odimp's ghost (journeyman KoWn)
 16005 | Lair:5   | Entered Level 5 of the Lair of Beasts
 16299 | Lair:5   | Found a staircase to the Slime Pits.
 16300 | Lair:5   | Found a viscous altar of Jiyva.
 16647 | Lair:5   | Found a large runed translucent door.
 16767 | Lair:5   | Found a large runed translucent door.
 17729 | D:4      | Killed Crazy Yiuf
 18108 | D:13     | Found a transporter.
 18112 | D:13     | Found a transporter.
 18122 | D:13     | Found a transporter.
 18124 | D:13     | Found a transporter.
 18734 | D:13     | Found a transporter.
 18741 | D:13     | Found a transporter.
 19147 | D:13     | Found a gate to the Vaults.
 19274 | D:14     | Got Sif Muna's Quarto of Scintillating Dark Magic
 19297 | D:14     | Gained mutation: You are completely covered in razor-sharp
                  | scales. (AC +3, Slay +3) [demonic ancestry]
 19297 | D:14     | Reached XP level 15. HP: 67/112 MP: 12/20
 19602 | D:14     | Noticed Roxanne
 19649 | D:14     | Killed Roxanne
 19727 | D:14     | Reached skill level 10 in Evocations
 19852 | D:15     | Entered Level 15 of the Dungeon
 20611 | D:15     | Reached skill level 17 in Ranged Weapons
 20802 | D:15     | Reached skill level 5 in Staves
 20887 | D:15     | Found a staircase to the Depths.
 21279 | Orc:1    | Entered Level 1 of the Orcish Mines
 21279 | Orc:1    | Noticed Gastronok
 21304 | D:9      | Killed Gastronok
 21330 | Orc:1    | Found Wuexkoz's Vocational Training.
 21354 | Orc:1    | Noticed Josephine
 21366 | Orc:1    | Killed Josephine
 21981 | Orc:2    | Entered Level 2 of the Orcish Mines
 22088 | Orc:2    | Noticed Urug
 22106 | Orc:1    | Killed Urug
 22197 | Orc:2    | Found a staircase to the Elven Halls.
 22226 | Orc:2    | Found Qas Uzeru's CLEARANCE SALE!.
 22285 | Orc:2    | Noticed Jorgrun
 22295 | Orc:2    | Killed Jorgrun
 22364 | Orc:2    | Bought a scroll of immolation for 16 gold pieces
 22364 | Orc:2    | Bought a scroll of teleportation for 12 gold pieces
 22364 | Orc:2    | Bought a scroll of blinking for 30 gold pieces
 22501 | Orc:2    | Found a runed translucent door.
 22502 | Orc:2    | Noticed BerneyBell's ghost (novice TrFi)
 22527 | Orc:2    | Found Pomy's General Store.
 22656 | Orc:2    | Reached XP level 16. HP: 119/120 MP: 19/22
 22681 | Orc:2    | Found Axebime's Jewellery Boutique.
 22698 | Orc:2    | Found Tuh Touc's Distillery.
 22703 | Orc:2    | Found Zistetub's General Store.
 22712 | Orc:2    | Bought a potion of heal wounds for 80 gold pieces
 22712 | Orc:2    | Bought a potion of curing for 48 gold pieces
 22712 | Orc:2    | Bought 2 potions of heal wounds for 160 gold pieces
 22962 | Orc:2    | Bought a scroll of fear for 60 gold pieces
 23145 | Snake:1  | Entered Level 1 of the Snake Pit
 23228 | Snake:1  | Found Bocweg's General Store.
 23529 | Snake:1  | Found Xeky's Antique Armour Boutique.
 23542 | Snake:1  | Bought a warped ring mail for 297 gold pieces
 23542 | Snake:1  | Identified the +3 ring mail of the Great Game {Dex+4} (You
                  | bought it in a shop on level 1 of the Snake Pit)
 23594 | Snake:1  | Found Jinti's Weapon Emporium.
 24501 | Snake:2  | Noticed Louise
 24513 | Abyss:3  | Cast into level 3 of the Abyss (Louise)
 24579 | Abyss:3  | Found a corrupted altar of Lugonu.
 24580 | Abyss:3  | Found a corrupted altar of Lugonu.
 24704 | Abyss:3  | Found a corrupted altar of Lugonu.
 24747 | Snake:2  | Escaped the Abyss
 24771 | Snake:2  | Killed Louise
 25309 | Snake:3  | Identified the ring "Uthral" {rN+ Will+ Dex+2}
 25356 | Snake:3  | Found a frozen archway.
 25389 | IceCv    | Entered an ice cave
 25968 | IceCv    | Noticed an Ice Fiend
 26014 | IceCv    | Killed an Ice Fiend
 26024 | IceCv    | Identified the +1 buckler of the Old World {Rampage rC+
                  | Str+2 SInv}
 26411 | Snake:3  | Reached skill level 10 in Fighting
 27067 | Snake:4  | Entered Level 4 of the Snake Pit
 27249 | Snake:4  | Noticed Vashnia
 27324 | Snake:4  | Killed Vashnia
 27325 | Snake:4  | Reached skill level 18 in Ranged Weapons
 27325 | Snake:4  | Gained mutation: You punish those that try to bend your
                  | will. (Will+) [demonic ancestry]
 27325 | Snake:4  | Reached XP level 17. HP: 117/128 MP: 18/24
 27750 | Snake:4  | Reached skill level 10 in Stealth
 27767 | Snake:4  | Reached skill level 10 in Invocations
 27870 | Snake:4  | Noticed a quicksilver dragon
 27873 | Snake:4  | Noticed a quicksilver dragon
 27888 | Snake:4  | Killed a quicksilver dragon
 27909 | Snake:4  | Killed a quicksilver dragon
 28007 | Snake:4  | Got a serpentine rune of Zot
 28304 | Snake:4  | Found Ceonerch's Jewellery Shop.
 28305 | Snake:4  | Found Gukelaw's Book Emporium.
 28305 | Snake:4  | Found Gant's Book Emporium.
 28319 | Snake:4  | Bought an amulet of regeneration for 450 gold pieces
 28498 | Shoals:1 | Entered Level 1 of the Shoals
 29374 | Shoals:1 | Identified the +2 leather armour of Happiness {+Inv rPois
                  | rC- Str+4}
 29728 | Shoals:2 | Noticed Polyphemus
 29739 | Shoals:2 | Killed Polyphemus
 30022 | Shoals:2 | Noticed Ilsuiw
 30036 | Shoals:2 | Reached skill level 1 in Hexes
 30051 | Shoals:2 | Killed Ilsuiw
 30052 | Shoals:2 | Reached skill level 1 in Translocations
 30127 | Shoals:2 | Reached skill level 1 in Spellcasting
 30533 | Shoals:3 | Found Woqext's Antique Armour Emporium.
 30537 | Shoals:3 | Bought an ichor-stained robe for 125 gold pieces
 30537 | Shoals:3 | Identified the +1 robe of Gehenna {rC+ rN+} (You bought it
                  | in a shop on level 3 of the Shoals)
 30537 | Shoals:3 | Bought a translucent leather armour for 154 gold pieces
 30537 | Shoals:3 | Identified the +0 leather armour of Leanko {rC- rN+ Int+9}
                  | (You bought it in a shop on level 3 of the Shoals)
 30640 | Shoals:3 | Reached XP level 18. HP: 136/136 MP: 26/26
 30903 | Shoals:3 | Noticed Kirke
 30924 | Shoals:3 | Killed Kirke
 31250 | Shoals:3 | Gained mutation: You have a sharp stinger which inflicts
                  | weakening toxins. [demonic ancestry]
 31250 | Shoals:3 | Reached XP level 19. HP: 142/142 MP: 27/27
 31257 | Shoals:3 | Identified the +1 ring mail of the Illusory Souls {Str-5
                  | Int+5 Dex+4}
 31259 | Shoals:3 | Found a runed translucent door.
 31263 | Shoals:3 | Identified the +0 flail of the Fool {freeze, rF+ Int+3}
 31610 | Shoals:3 | Reached skill level 5 in Hexes
 31821 | Shoals:4 | Entered Level 4 of the Shoals
 31900 | Shoals:4 | Reached skill level 5 in Translocations
 33118 | Shoals:4 | Got a barnacled rune of Zot
 33486 | Shoals:4 | Got Poynkoll's Compendium of Generation and Angles
 33729 | Shoals:4 | Got Kikubaaqudgha's Folio of Shadows
 34789 | Snake:1  | Bought a scroll of fear for 56 gold pieces
 34789 | Snake:1  | Bought 2 potions of haste for 280 gold pieces
 35085 | Vaults:1 | Entered Level 1 of the Vaults
 35418 | Vaults:1 | Found the brooch of Shielding {Spirit SH+8}
 35526 | Vaults:1 | Reached skill level 5 in Spellcasting
 35560 | Vaults:1 | Found a runed translucent gate.
 35561 | Vaults:1 | Found a runed translucent gate.
 35561 | Vaults:1 | Found a runed translucent gate.
 35561 | Vaults:1 | Noticed HumbleHazard's ghost (adept HOFi)
 37523 | Lair:4   | Killed Odimp's ghost
 37781 | Lair:5   | Identified the +9 rapier "Emakhu" {protect, Stlth+}
 38584 | Vaults:2 | Reached skill level 10 in Dodging
 38921 | Vaults:2 | Reached XP level 20. HP: 149/149 MP: 32/32
 39768 | Vaults:2 | Reached skill level 10 in Armour
 39976 | Vaults:2 | Identified the +7 chain mail "Wotwasuek" {Str+3}
 40884 | Vaults:3 | Killed from afar by an ironbound frostheart

Illustrated notes

Levels and vault maps discovered:
D:1:      wander_arrival_desolate, layout_basic, grunt_decor_junction,
          minmay_tiny_reverse_x
D:2:      layout_basic
D:3:      layout_loops_ring, nicolae_overflow_hidden_temple,
          shapermc_ecumenical_altar_gd, roderic_serpentine_path, uniq_ijyb
D:4:      layout_loops_ring, overflow_temple_1_default, uniq_crazy_yiuf_cottage,
          uniq_robin, uniq_natasha
D:5:      layout_layer_cave, mainiacjoe_overflow_alcove_2, lemuel_tele_altar,
          kennysheep_mini, minmay_temple_entry_waves, serial_shops,
          nicolae_shop_tiny_statue_garden
D:6:      layout_cave_pools, kiku_gazebo_garden_becter,
          nicolae_ashenzari_skybound, uniq_edmund, uniq_blork_the_orc
D:7:      layout_rooms, serial_shops, shop
D:8:      layout_gridville, erik_lair_orcish_takeover, minmay_misc_feat_room
D:9:      layout_loops_ring, mainiacjoe_overflow_surrounded_room,
          mainiacjoe_overflow_tiny_flanked, orc_0_dummy, minivault_5,
          kennysheep_crisscross, minmay_misc_feat_plants, uniq_amaemon
D:10:     layout_irregular_city, minitemple, fiery_altar_vehumet,
          doesnt_shop_hydraphobe
D:11:     layout_basic
D:12:     layout_irregular_city
D:13:     layout_irregular_city, david_vaults_4, serial_nicolae_subway,
          nicolae_sub_station_crystal, nicolae_sub_station_stone,
          nicolae_sub_station_metal
D:14:     layout_roguey [special_room_bee], special_room [special_room_orc],
          uniq_roxanne
D:15:     grunt_enter_depths_hoard, layout_irregular_city
Temple:   hellmonk_temple_two_chambers
Lair:1:   layout_regular_city, st_stairs_6, dreamdust_gnoll_shepherd,
          grunt_megastairs_5, serial_bayou_shore_a
Lair:2:   nzn_winding_woodlands_medium [nzn_winding_woodlands_hourglass,
          nzn_winding_woodlands_5x15_sidewinder,
          nzn_winding_woodlands_5x5_open_star,
          nzn_winding_woodlands_5x5_closed_star,
          nzn_winding_woodlands_center_triple_pond,
          nzn_winding_woodlands_5x5_perimeter,
          nzn_winding_woodlands_5x5_checkerboard,
          nzn_winding_woodlands_5x15_default, nzn_winding_woodlands_5x5_cross],
          layout_concentric_octagons, nicolae_shoals_entry_roost,
          nicolae_snake_entry_warm_welcome, dreamdust_deal_with_the_devil,
          grunt_forest_large_clearing_hut
Lair:3:   layout_misc_corridors, grunt_forest_large_clearings,
          infiniplex_staircase_pool_2
Lair:4:   hangedman_what_comes_after_a, layout_big_grid, gammafunk_ghost_icy
Lair:5:   cheibrodos_lair_end_hotspot, layout_long_grid, slime_entry_1
Shoals:1: layout_shoals, nicolae_shoals_nymph_descending_staircase
Shoals:2: layout_shoals, nicolae_shoals_arrival_archipelago, uniq_ilsuiw,
          uniq_polyphemus
Shoals:3: nicolae_shoals_lighthouse, layout_shoals, serial_shops,
          nicolae_shop_dealshenge, uniq_kirke
Shoals:4: shoals_end_hangedman, layout_shoals
Snake:1:  layout_gridlike, serial_shops, shop, shop, nicolae_shop_tiny_glass,
          nrook_guardian_serpent_double
Snake:2:  layout_onion, nicolae_integral_box, uniq_louise
Snake:3:  layout_grid_shapes, portal_ice_cave_entry_pillars_three,
          nicolae_snake_gridmaze_tees
Snake:4:  hellmonk_snake_rune_quicksilver_temple, layout_onion, drop_trap,
          lemuel_fruit_tree, minmay_shop_grove, uniq_vashnia
Orc:1:    layout_diamond_mine, nicolae_orc_flooded_monolith,
          nicolae_shop_vocational, uniq_josephine, uniq_gastronok
Orc:2:    st_orc_open, layout_diamond_mine, ebering_ghost_inner_flame,
          nicolae_shop_clearance, uniq_urug, uniq_jorgrun
Vaults:1: gammafunk_ghost_split, nicolae_vaults_rhombus_7,
          ontoclasm_vaults_ring_square, vaults_room_grunt_arrival_ludios,
          nicolae_vaults_storage_room_water, nicolae_vaults_little_squares_2,
          nicolae_vaults_yaktaur_gun_rack, layout_vaults_quadrants
Vaults:2: nicolae_vaults_stairing_the_circle, v_misc_12, v_alt_pattern_4,
          st_more_cells, nicolae_vaults_tetromino_L_2,
          nicolae_vaults_trapezoid_2, ontoclasm_vaults_loading_screen,
          hangedman_vaults_nails, nicolae_vaults_little_squares_4,
          nicolae_vaults_closet_pinwheel_1, vaults_room_corners,
          ontoclasm_vaults_fault, layout_vaults_omnicross
Vaults:3: vaults_mumra_minichess_inversion, nicolae_vaults_storage_room_statues,
          hangedman_vaults_variations, v_pattern_3, nicolae_vaults_rhombus_6,
          nicolae_vaults_network_s, hangedman_vaults_hat, grunt_vaults_bifocal,
          nicolae_vaults_double_plus_1, ontoclasm_vaults_tryst,
          nicolae_vaults_wrenched, nicolae_vaults_tetromino_L_2,
          dpeg_vaults_pockets_of_resistance, nicolae_vaults_two_Ls,
          vaults_room_grid, ontoclasm_vaults_decontamination, layout_vaults_ring

Skill      XL: |  1  2  3  4  5  6  7  8  9 10 11 12 13 14 15 16 17 18 19 20 |
---------------+-------------------------------------------------------------+-----
Ranged Weapons | 4 5 6 7 9 11 13 14 15 16 17 18 | 18.0
Stealth        | 1 3 5 6 7 8 9 10 | 10.9
Dodging        | 2 3 5 6 7 8 9 10 | 10.2
Evocations     | 3 5 6 8 9 11 12 13 | 13.9
Armour         | 3 4 5 6 7 8 9 10 | 10.1
Fighting       | 4 5 6 7 8 9 10 11 | 11.1
Invocations    | 1 4 6 8 9 10 11 | 11.4
Staves         | 3 4 5 6 7 8 |  8.0
Hexes          | 3 4 8 |  8.4
Translocations | 3 4 8 |  8.4
Spellcasting   | 2 8 |  8.4

Action                     |  1- 3 |  4- 6 |  7- 9 | 10-12 | 13-15 | 16-18 | 19-21 || total
---------------------------+-------+-------+-------+-------+-------+-------+-------++-------
  Melee: Unarmed           |       |     8 |     1 |       |       |       |       ||     9
   Fire: Shortbow          |   107 |   167 |   545 |   457 |       |       |       ||  1276
         Longbow           |       |       |       |   397 |  1575 |  1333 |  1356 ||  4661
         Arbalest          |       |       |       |       |    11 |       |       ||    11
   Cast: Portal Projectile |       |       |       |       |       |       |    44 ||    44
 Invoke: Stomp             |       |       |       |       |     3 |     7 |     2 ||    12
         Grand Finale      |       |       |       |       |     1 |       |       ||     1
         Line Pass         |       |       |       |       |     2 |     2 |     3 ||     7
  Evoke: Wand              |       |       |     1 |     9 |     3 |     8 |       ||    21
    Use: Scroll            |     5 |     1 |    10 |     6 |    11 |    12 |    11 ||    56
         Potion            |       |     2 |     5 |     4 |     1 |     5 |     2 ||    19
 Armour: Leather armour    |     4 |    25 |    17 |       |       |       |       ||    46
         Ring mail         |       |       |    71 |       |       |       |       ||    71
         Scale mail        |       |       |    38 |   230 |   349 |   303 |   294 ||  1214
         Skin              |       |       |    11 |       |       |       |       ||    11
         Troll leather arm |       |       |       |     7 |       |       |       ||     7
  Dodge: Dodged            |    19 |    51 |   168 |   277 |   664 |   622 |   615 ||  2416
  Block: Other             |       |       |       |    73 |   124 |   115 |   286 ||   598
